 Dungeon Crawl Stone Soup version 0.24.1-8-ga250c9d538 (webtiles) character file.

Game seed: 8961628738766706544, levelgen mode: deterministic

155 Peloso the Covered (level 5, -8/41 HPs)
             Began as a Demonspawn Fighter on Apr 27, 2020.
             Mangled by an orc priest
             ... wielding a +0 flail
              (10 damage)
             ... on level 3 of the Dungeon.
             The game lasted 00:06:34 (2954 turns).

Peloso the Covered (Demonspawn Fighter)             Turns: 2954, Time: 00:06:35

Health: -8/41      AC:  9    Str: 18    XL:     5   Next: 14%
Magic:  5/5        EV:  7    Int:  9    God:
Gold:   162        SH: 10    Dex: 12    Spells: 4/4 levels left

rFire    . . .     SeeInvis .   a - +0 long sword
rCold    . . .     Gourm    .   c - +1 shield
rNeg     . . .     Faith    .   g - +0 chain mail
rPois    .         Spirit   .   (no helmet)
rElec    .         Reflect  .   (no cloak)
rCorr    +         Harm     .   (no gloves)
MR       .....                  (no boots)
Stlth    ..........             (no amulet)
HPRegen  0.13/turn              n - ring of resist corrosion
MPRegen  0.09/turn              (no ring)

@: no status effects
A: claws 1, repulsion field 1, powered by pain 2
a: no special abilities


You were on level 3 of the Dungeon.
You were not hungry.

You visited 1 branch of the dungeon, and saw 3 of its levels.

You collected 162 gold pieces.

Inventory:

Hand Weapons
 a - a +0 long sword (weapon)
Armour
 b - a +0 scale mail
 c - a +1 shield (worn)
 g - a +0 chain mail (worn)
Jewellery
 n - a ring of resist corrosion (left claw)
Scrolls
 h - a scroll of random uselessness {unknown}
 i - a scroll of noise
 j - 2 scrolls of teleportation
 k - 2 scrolls of remove curse
 m - a scroll of enchant armour
 o - a scroll of amnesia {unknown}
Potions
 d - a potion of might
 e - a potion of heal wounds {unknown}
 l - 2 potions of curing {unknown}
Comestibles
 f - 7 rations
 p - 4 chunks of flesh


   Skills:
 + Level 3.6 Fighting
 + Level 3.2 Long Blades
 + Level 3.6 Armour
 + Level 0.3 Dodging
 + Level 3.3 Shields


You had 4 spell levels left.
You didn't know any spells.
Your spell library was empty.

Dungeon Overview and Level Annotations

Branches:
Dungeon (3/15)

Altars:
Qazlal
The Shining One


Innate Abilities, Weirdness & Mutations

You have sharp fingernails.
You are surrounded by a mild repulsion field. (EV +2)
You sometimes gain power by taking damage.


Message History

You hit the orc priest but do no damage.
The orc priest is almost dead.
The orc priest mumbles some strange prayers to Beogh against you.
You barely resist. You closely miss the orc priest.
The orc priest is almost dead.
The orc priest hits you but does no damage. x2
You closely miss the orc priest.
The orc priest is almost dead.
The orc priest invokes the aid of Beogh against you.
Pain shoots through your body!
* * * LOW HITPOINT WARNING * * *
Your shield and chain mail prevent you from hitting the orc priest.
The orc priest is almost dead.
The orc priest mumbles some strange prayers to Beogh against you.
You barely resist. You closely miss the orc priest.
The orc priest is almost dead.
The orc priest hits you with a +0 flail!
You die...

#..##....##..[.....
......
#..##.#########..##
......###.(##.# ....
.%....#..(.##.# ###
.....#.#(###.#
....#.#(## .#####
#....(.##.....#
##.....)........
#......@o.......
#.<(....[.......
#.....>....?....
###...............
#.................
....#.............[.
######.........$....
##.....##.....
........## ###


You could see an orc priest.

Vanquished Creatures
  Terence (D:3)
  3 adders (D:2)
  2 oozes
  A worm (D:2)
  3 dart slugs
  2 leopard geckos
  4 orcs
  A ball python (D:1)
  3 giant cockroaches
  9 hobgoblins
  8 jackals (D:2)
  6 kobolds
  8 bats
  4 frilled lizards
  11 goblins
  9 rats
75 creatures vanquished.

Notes
Turn   | Place    | Note
-------+----------+-------------------------------------------
     0 | D:1      | Peloso the Demonspawn Fighter began the quest for the Orb.
     0 | D:1      | Reached XP level 1. HP: 18/18 MP: 1/1
   158 | D:1      | Gained mutation: You have sharp fingernails. [demonic
                  | ancestry]
   158 | D:1      | Reached XP level 2. HP: 21/24 MP: 2/2
   593 | D:1      | Gained mutation: You sometimes gain a little power by
                  | taking damage. [demonic ancestry]
   593 | D:1      | Reached XP level 3. HP: 27/29 MP: 3/3
  1014 | D:2      | Found a glowing golden altar of the Shining One.
  1435 | D:2      | Gained mutation: You sometimes gain power by taking damage.
                  | [demonic ancestry]
  1435 | D:2      | Reached XP level 4. HP: 34/35 MP: 4/4
  2505 | D:3      | Noticed Terence
  2508 | D:3      | Found a stormy altar of Qazlal.
  2539 | D:3      | Killed Terence
  2541 | D:3      | Gained mutation: You are surrounded by a mild repulsion
                  | field. (EV +2) [demonic ancestry]
  2541 | D:3      | Reached XP level 5. HP: 24/41 MP: 5/5
  2952 | D:3      | HP: 1/41 [orc priest/nerve-wracking pain (3)]
  2954 | D:3      | Mangled by an orc priest

Levels and vault maps discovered:
D:1:      scummos_arrival_hexagon, layout_loops_ring,
          wad_floor_pattern_untrapped, minmay_domino_4
D:2:      layout_basic, tso_metal_star
D:3:      layout_rooms, nicolae_overflow_hidden_temple, first_ration,
          nicolae_qazlal_general_emergency, uniq_terence,
          uniq_crazy_yiuf_cottage

Skill      XL: |  1  2  3  4 |
---------------+-------------+-----
Armour         | 3 |  3.6
Long Blades    | 2 3 |  3.2
Shields        | 3 |  3.3
Fighting       | |  3.6
Dodging        | |  0.3

Action                   |  1- 3 |  4- 6 || total
-------------------------+-------+-------++-------
Melee: Long sword        |   196 |   143 ||   339
  Use: Scroll            |     3 |     1 ||     4
       Potion            |     1 |       ||     1
  Eat: Chunk             |     2 |     5 ||     7
Armor: Scale mail        |   103 |     1 ||   104
       Chain mail        |       |    82 ||    82
Dodge: Dodged            |    49 |    31 ||    80
Block: Shield            |   129 |    99 ||   228
       Rpst.: Long sword |    23 |    14 ||    37
